 Dungeon Crawl Stone Soup version 0.25.1-2-g60ff931df9 (webtiles) character file.

Game seed: 3657501949682343624

16619 Curus the Spear-Bearer (level 12, -1/107 HPs)
             Began as a Hill Orc Abyssal Knight on Aug 3, 2020.
             Was a High Priest of Lugonu.
             Slain by a komodo dragon (19 damage)
             ... on level 1 of the Lair of Beasts.
             The game lasted 00:55:23 (12165 turns).

Curus the Spear-Bearer (Hill Orc Abyssal Knight)   Turns: 12165, Time: 00:55:23

Health: -1/107     AC: 22    Str: 16    XL:     12   Next: 39%
Magic:  20/20      EV:  6    Int: 12    God:    Lugonu [*****.]
Gold:   238        SH:  0    Dex: 25    Spells: 11/11 levels left

rFire    . . .     SeeInvis +   m - +4 trident (vorpal)
rCold    . . .     Gourm    .   (no shield)
rNeg     . . .     Faith    .   i - +1 plate armour
rPois    .         Spirit   .   C - +2 hat {SInv}
rElec    .         Reflect  .   h - +0 cloak
rCorr    .         Harm     .   y - +1 pair of gloves {Dex+3}
MR       +....                  d - +0 pair of boots
Stlth    ..........             n - amulet of regeneration
HPRegen  0.67/turn              E - ring of protection from magic
MPRegen  0.17/turn              q - +6 ring of dexterity

@: no status effects
A: agile 1, mutation resistance 1
a: Depart the Abyss, Bend Space, Banish, Corrupt, Enter the Abyss, Renounce
Religion


You were on level 1 of the Lair of Beasts.
You worshipped Lugonu.
Lugonu was extremely pleased with you.
You were not hungry.

You visited 2 branches of the dungeon, and saw 11 of its levels.
You visited the Abyss 1 time.

You collected 628 gold pieces.
You spent 390 gold pieces at shops.

Inventory:

Hand Weapons
 a - a +2 spear
 m - a +4 vorpal trident (weapon)
 p - the +6 glaive of Homofroc {elec, rF+ MP-9 Int+5}
   (You found it on level 5 of the Dungeon)

   Occasionally, upon striking a foe, it will discharge some electrical energy
   and cause terrible harm.
   It affects your intelligence (+5).
   It protects you from fire.
   It affects your magic capacity (-9).
Armour
 b - a +0 leather armour
 d - a +0 pair of boots (worn)
 g - a +0 pair of gloves
 h - a +0 cloak (worn)
 i - a +1 plate armour (worn)
 x - a +0 pair of gloves
 y - a +1 pair of gloves of dexterity (worn)
 C - a +2 hat of see invisible (worn)
Jewellery
 f - an uncursed amulet of magic regeneration
 n - an amulet of regeneration (around neck)
 q - a +6 ring of dexterity (right hand)
 r - an uncursed ring of see invisible
 s - an uncursed ring of attention
 E - a ring of protection from magic (left hand)
 N - a cursed -4 ring of dexterity
Wands
 j - a wand of paralysis (11)
 k - a wand of disintegration (11)
 v - a wand of digging (1)
 z - a wand of flame (40)
 H - a wand of iceblast (11)
 I - a wand of random effects (20)
Scrolls
 e - 4 scrolls of immolation
 l - a scroll of magic mapping
 o - 10 scrolls of identify
 t - 4 scrolls of teleportation
 D - a scroll of blinking
 F - 2 scrolls of fog
 M - a scroll of enchant armour
Potions
 u - a potion of brilliance
 w - 3 potions of might
 A - a potion of invisibility
 B - 5 potions of curing
 G - 3 potions of haste
 K - a potion of stabbing
 L - a potion of magic
Comestibles
 c - 24 rations
 J - 2 chunks of flesh


   Skills:
 + Level 10.5 Fighting
 - Level 14.3 Polearms
 + Level 9.4 Armour
 - Level 0.7 Dodging
 - Level 11.6 Invocations


You had 11 spell levels left.
You didn't know any spells.
Your spell library contained the following spells:

 Spells                   Type           Power        Failure   Level  Hunger
 Magic Dart               Conj           #...         100%        1    ##.....
 Shock                    Conj/Air       #...         100%        1    ##.....
 Blink                    Tloc           N/A          100%        2    ###....
 Call Imp                 Summ           #.......     100%        2    ###....
 Ensorcelled Hibernation  Hex/Ice        #.....       100%        2    ###....
 Passwall                 Tmut/Erth      #.......     100%        2    ###....
 Poisonous Vapours        Pois/Air       #.....       100%        2    ###....
 Searing Ray              Conj           #.....       100%        2    ###....
 Shroud of Golubria       Chrm/Tloc      #.....       100%        2    ###....
 Slow                     Hex            #.......     100%        2    ###....
 Swiftness                Chrm/Air       #.......     100%        2    ###....
 Conjure Flame            Conj/Fire      #.......     100%        3    ####...
 Mephitic Cloud           Conj/Pois/Air  #.......     100%        3    ####...
 Static Discharge         Conj/Air       #.......     100%        3    ####...
 Airstrike                Air            #.........   100%        4    #####..
 Lightning Bolt           Conj/Air       #.........   100%        5    ######.


Dungeon Overview and Level Annotations

Branches:
Dungeon (10/15)            Temple (0/1) D:6            Lair (1/6) D:10
    Orc: D:9-12

Altars:
Cheibriados
Kikubaaqudgha
Nemelex Xobeh
Qazlal
Sif Muna
Uskayaw
Wu Jian

Shops:
D:4 (   D:9 !


Innate Abilities, Weirdness & Mutations

You are agile. (Dex +2)
You are somewhat resistant to further mutation.


Message History

Okay, then.
Unknown command.
Unknown command.
You hit the komodo dragon.
The komodo dragon is severely wounded.
The komodo dragon bites you but does no damage.
You hit the komodo dragon.
The komodo dragon is almost dead.
You hit the komodo dragon but do no damage.
The komodo dragon is almost dead.
The komodo dragon barely misses you.
You puncture the komodo dragon!
You kill the komodo dragon!
Lugonu accepts your kill.
You hit the komodo dragon.
The komodo dragon is heavily wounded.
You hit the komodo dragon but do no damage.
The komodo dragon is heavily wounded.
The komodo dragon bites you!!
You die...

##.......#
#........#
##.......#
#.......#
#.......#
#.......####
#...........
#l##P#####..
#@#### ##.# #..##
#.#. .. ##..#
...##.##. #.##
####........
#..####.#.^......#
#................P
#................#
#................#


You could see a komodo dragon.

Vanquished Creatures
  Gastronok (D:8)
  Harold (D:7)
  Erica (D:8)
  A two-headed ogre (D:9)
  The ghost of Ebobla the Grappler, a novice TrBe of Trog (D:6)
  Pikel (D:5)
  3 spiny frogs (Lair:1)
  3 komodo dragons (Lair:1)
  Maggie (D:8)
  A troll (D:9)
  3 blink frogs (Lair:1)
  A hippogriff (Lair:1)
  Sigmund (D:4)
  6 yaks
  A basilisk (D:10)
  3 wyverns
  Edmund (D:4)
  Menkaure (D:4)
  2 acid dragons (D:10)
  Duvessa (D:5)
  2 water moccasins (Lair:1)
  3 orc warriors
  2 black bears
  2 ice beasts (D:6)
  2 phantoms
  A slave (D:5)
  A necrophage (D:6)
  2 sky beasts
  6 ogres
  5 wolves (Lair:1)
  3 centaurs
  2 crocodiles
  Blork the orc (D:4)
  3 big kobolds (D:8)
  10 bullfrogs
  A wyvern skeleton (D:7)
  7 scorpions
  10 killer bees
  10 howler monkeys
  7 crimson imps
  A quasit (D:9)
  2 centaur zombies
  4 hounds
  4 orc priests
  Crazy Yiuf (D:5)
  A bullfrog zombie (D:5)
  4 jellies
  7 orc wizards
  2 bullfrog skeletons
  Ijyb (D:5)
  2 iguanas
  7 worker ants
  A killer bee zombie (D:6)
  A worker ant zombie (D:5)
  11 adders
  A howler monkey skeleton (D:9)
  4 shadow imps
  3 oozes
  5 adder skeletons
  4 worms
  7 dart slugs
  7 leopard geckos
  26 orcs
  8 giant cockroaches
  6 goblins
  7 hobgoblins
  3 quokkas
  4 bats
  8 frilled lizards
  16 kobolds
  A quokka skeleton (D:4)
  10 rats
283 creatures vanquished.

Vanquished Creatures (collateral kills)
  A bullfrog skeleton (D:9)
1 creature vanquished.

Vanquished Creatures (others)
  A slave (D:5)
  Dowan (D:5)
  A bullfrog skeleton (D:5)
  A hound (D:5)
  A worker ant (D:5)
  A worm (D:5)
6 creatures vanquished.

Grand Total: 290 creatures vanquished

Notes
Turn   | Place    | Note
-------+----------+-------------------------------------------
     0 | Abyss:1  | Curus the Hill Orc Abyssal Knight began the quest for the
                  | Orb.
     0 | Abyss:1  | Reached XP level 1. HP: 19/19 MP: 2/2
    99 | Abyss:1  | Noticed a ynoxinul
   100 | D:1      | Escaped the Abyss
   157 | D:1      | Reached XP level 2. HP: 26/26 MP: 2/4
   241 | D:1      | Reached * piety under Lugonu
   463 | D:1      | Reached skill level 3 in Polearms
   474 | D:1      | Reached XP level 3. HP: 22/31 MP: 5/5
  1178 | D:2      | Reached XP level 4. HP: 23/39 MP: 7/7
  1341 | D:2      | Reached skill level 4 in Polearms
  1663 | D:2      | Reached XP level 5. HP: 37/45 MP: 8/8
  1755 | D:2      | Reached skill level 5 in Invocations
  1887 | D:2      | Found an ancient bone altar of Kikubaaqudgha.
  2643 | D:3      | Reached ** piety under Lugonu
  3041 | D:3      | Found a stormy altar of Qazlal.
  3042 | D:3      | Noticed an air elemental
  3042 | D:3      | Noticed a fire elemental
  3042 | D:3      | Noticed a water elemental
  3448 | D:4      | Reached skill level 5 in Polearms
  3448 | D:4      | Reached XP level 6. HP: 51/51 MP: 10/10
  3508 | D:4      | Found a sparkling altar of Nemelex Xobeh.
  3511 | D:4      | Noticed Blork the orc
  3525 | D:4      | Killed Blork the orc
  3725 | D:4      | Reached XP level 7. HP: 57/57 MP: 12/12
  3733 | D:4      | Reached skill level 6 in Polearms
  3811 | D:4      | Found Jutwoas's Weapon Shoppe.
  3922 | D:4      | Noticed Sigmund
  3952 | D:4      | Killed Sigmund
  4150 | D:4      | Noticed Edmund
  4170 | D:4      | Killed Edmund
  4170 | D:4      | Reached skill level 7 in Polearms
  4170 | D:4      | Reached XP level 8. HP: 29/64 MP: 14/14
  4244 | D:4      | Noticed Menkaure
  4252 | D:4      | Killed Menkaure
  4332 | D:4      | Found a snail-covered altar of Cheibriados.
  4499 | D:5      | Entered Level 5 of the Dungeon
  4509 | D:5      | Got a crystal glaive
  4594 | D:5      | Noticed Ijyb
  4606 | D:5      | Killed Ijyb
  4675 | D:5      | Reached *** piety under Lugonu
  4730 | D:5      | Noticed Pikel
  4746 | D:5      | Killed Pikel
  4746 | D:5      | Reached skill level 8 in Polearms
  4746 | D:5      | Reached skill level 10 in Invocations
  4758 | D:5      | Reached XP level 9. HP: 70/70 MP: 16/16
  4837 | D:5      | Killed Dowan
  4854 | D:5      | Reached skill level 9 in Polearms
  5227 | D:5      | Found a runed translucent door.
  5228 | D:5      | Noticed Crazy Yiuf
  5431 | D:5      | Killed Crazy Yiuf
  5465 | D:5      | Identified the +6 glaive of Homofroc {elec, rF+ MP-9 Int+5}
                  | (You found it on level 5 of the Dungeon)
  5608 | D:6      | Found a hide-covered altar of Uskayaw.
  5729 | D:6      | Found a staircase to the Ecumenical Temple.
  5748 | D:6      | Gained mutation: You are agile. (Dex +2) [potion of
                  | mutation]
  5748 | D:6      | Gained mutation: You are somewhat resistant to further
                  | mutation. [potion of mutation]
  5763 | D:6      | Found a shimmering blue altar of Sif Muna.
  5797 | D:6      | Reached skill level 10 in Polearms
  5839 | D:5      | Noticed Duvessa
  5864 | D:5      | Killed Duvessa
  6129 | D:6      | Found a runed translucent door.
  6129 | D:6      | Noticed Ebobla's ghost (novice TrBe)
  6593 | D:7      | Reached skill level 11 in Polearms
  6950 | D:6      | Killed Ebobla's ghost
  6950 | D:6      | Reached skill level 12 in Polearms
  6950 | D:6      | Reached XP level 10. HP: 26/77 MP: 18/18
  7127 | D:7      | Reached **** piety under Lugonu
  7612 | D:7      | Noticed Harold
  7627 | D:7      | Killed Harold
  7627 | D:7      | Reached skill level 13 in Polearms
  7665 | D:7      | Found a hide-covered altar of Uskayaw.
  7665 | D:7      | Found an ornate altar of the Wu Jian Council.
  7856 | D:8      | Identified Easy Rites and Rhymes
  8145 | D:8      | Noticed Erica
  8155 | D:8      | Killed Erica
  8155 | D:8      | Reached skill level 14 in Polearms
  8159 | D:8      | Reached XP level 11. HP: 43/83 MP: 19/19
  8398 | D:8      | Noticed Maggie
  8400 | D:8      | Noticed Gastronok
  8544 | D:8      | Killed Maggie
  8571 | D:8      | Killed Gastronok
  8571 | D:8      | Reached skill level 5 in Armour
  8730 | D:9      | Reached ***** piety under Lugonu
  8906 | D:9      | Found Dueloes's Distillery.
  8914 | D:9      | Bought a potion of curing for 45 gold pieces
  8914 | D:9      | Bought a potion of curing for 45 gold pieces
  8914 | D:9      | Bought 2 potions of haste for 300 gold pieces
  9393 | D:9      | Noticed a two-headed ogre
  9403 | D:9      | Killed a two-headed ogre
  9524 | D:9      | Found the +6 lightning scales {run, rElec}
  9530 | D:9      | Noticed a two-headed ogre
  9545 | D:9      | Banished a two-headed ogre
 10172 | D:10     | Entered Level 10 of the Dungeon
 10762 | D:10     | Reached XP level 12. HP: 98/104 MP: 20/20
 11399 | D:10     | Found a staircase to the Lair.
 11404 | Lair:1   | Entered Level 1 of the Lair of Beasts
 11644 | Lair:1   | Reached skill level 10 in Fighting
 12165 | Lair:1   | Slain by a komodo dragon

Illustrated notes

Levels and vault maps discovered:
D:1:      onia_arrival_handbag, layout_basic
D:2:      layout_basic, kiku_gazebo_garden_becter, first_ration
D:3:      layout_basic, nicolae_qazlal_style_of_elements
D:4:      layout_gridville, nemelex_xobeh_ov_fountains_minmay,
          kennysheep_slug_shrine, serial_shops, shop, corexii_leaking_fountain,
          uniq_menkaure, uniq_sigmund, uniq_edmund, uniq_blork_the_orc
D:5:      layout_basic, minmay_misc_feat_encased, uniq_pikel, uniq_duvessa,
          uniq_crazy_yiuf_cottage, uniq_ijyb
D:6:      layout_basic, led_sif_pool, minmay_temple_entry_overgrown,
          gammafunk_ghost_grave, basic_altar, chequers_serial_rivers_micro_c,
          glass_columns_c
D:7:      layout_loops_ring, gammafunk_temple_overflow_elements, uniq_harold
D:8:      layout_rooms, blue_anna_alchemist [blue_anna_fruit_fields,
          blue_anna_fruit_fields], uniq_gastronok, uniq_erica, uniq_maggie
D:9:      layout_basic, serial_shops, shop, grunt_ministairs_10
D:10:     layout_layer_cave, erik_lair_dragon
Lair:1:   layout_chaotic_city, beast_lair_carwin_2

Skill      XL: |  1  2  3  4  5  6  7  8  9 10 11 12 |
---------------+-------------------------------------+-----
Invocations    | 3 4 5 6 8 10 11 | 11.6
Polearms       | 3 4 5 7 8 12 14 | 14.3
Fighting       | 9 10 | 10.5
Armour         | 7 9 |  9.4
Dodging        | |  0.7

Action                   |  1- 3 |  4- 6 |  7- 9 | 10-12 || total
-------------------------+-------+-------+-------+-------++-------
Melee: Spear             |    93 |   206 |       |       ||   299
       Trident           |       |    41 |   406 |   699 ||  1146
Invok: Depart the Abyss  |     1 |       |       |       ||     1
       Bend Space        |       |       |       |     1 ||     1
       Banish            |       |       |       |     1 ||     1
  Use: Scroll            |     5 |     6 |     6 |     4 ||    21
       Potion            |     1 |     3 |     8 |     4 ||    16
 Stab: Sleeping          |     1 |       |       |       ||     1
       Distracted        |       |       |       |     1 ||     1
  Eat: Chunk             |       |     9 |    11 |    17 ||    37
Armor: Leather armour    |    16 |    24 |       |       ||    40
       Plate armour      |       |    77 |   191 |   339 ||   607
Dodge: Dodged            |    38 |    62 |    54 |   140 ||   294
